 Dungeon Crawl Stone Soup version 0.31.0 (webtiles) character file.

Game seed: 8130179656192525262

98 qw the Shooter (level 4, -11/28 HPs)
             Began as a Gargoyle Hunter on Jan 19, 2024.
             Mangled by an ogre
             ... wielding a +0 giant club
              (15 damage)
             ... on level 4 of the Dungeon.
             The game lasted 00:00:07 (1391 turns).

qw the Shooter (Gargoyle Hunter)                    Turns: 1391, Time: 00:00:08

Health: -11/28     AC: 10    Str: 21    XL:     4   Next: 71%
Magic:  0/4        EV: 12    Int:  9    God:
Gold:   169        SH:  0    Dex: 15    Spells: 3/3 levels left

rFire   . . .        a - +0 shortbow
rCold   . . .        (shield currently unavailable)
rNeg    + . .        c - +0 leather armour
rPois   inf          (no helmet)
rElec   +            (no cloak)
rCorr   .            (no gloves)
SInv    .            (no boots)
Will    .....        h - amulet of guardian spirit
Stlth   ++           i - +4 ring of protection
HPRegen 0.24/turn    b - +6 ring of strength
MPRegen 0.09/turn

%: guardian spirit
@: about to teleport
A: sickness immunity, AC +3, negative energy resistance 1, electricity
resistance, torment resistance 1, petrification resistance
a: no special abilities


You were on level 4 of the Dungeon.
You visited 1 branch of the dungeon, and saw 4 of its levels.

You collected 169 gold pieces.


Innate Abilities, Weirdness & Mutations

You are immune to sickness and miasma.
Your stone body is resilient. (AC +3)
You are immune to poison.
You resist negative energy. (rN+)
You are resistant to electric shocks. (rElec)
You are resistant to unholy torment.
You are immune to petrification.


   Skills:
 - Level 3.0 Fighting
 + Level 5.6 Ranged Weapons
 - Level 1.5 Dodging
 - Level 1.1 Stealth


You had 3 spell levels left.
You didn't know any spells.
Your spell library was empty.

Inventory:

Hand Weapons
 a - a +0 shortbow (weapon)
Armour
 c - a +0 leather armour (worn)
 g - a +1 leather armour of fire resistance
Jewellery
 b - a +6 ring of strength (right hand)
 h - an amulet of guardian spirit (around neck)
 i - a +4 ring of protection (left hand)
Scrolls
 e - a scroll of teleportation
Potions
 d - 2 potions of curing
 f - a potion of cancellation
 j - a potion of mutation {unknown}
 k - a potion of degeneration {unknown}
 l - a potion of brilliance {unknown}
 m - 2 potions of haste {unknown}

Dungeon Overview and Level Annotations

Branches:
Dungeon (3/15)

Altars:
Uskayaw


Message History

You hear a bark!
A jackal comes into view.
You shoot an arrow. The arrow hits the jackal!
You kill the jackal!
You see here a jackal corpse.
l - a bubbling blue potion A ball python comes into view.
A kobold comes into view. It is wielding a +0 short sword.
You shoot an arrow. The kobold shouts!
The arrow hits the ball python!
You kill the ball python!
An ogre comes into view. It is wielding a +0 giant club.
You shoot an arrow. The arrow barely misses the ogre.
The ogre shouts!
You shoot an arrow. The arrow hits the ogre!
The ogre is moderately wounded.
You shoot an arrow. The arrow hits the kobold.
You kill the kobold!
You shoot an arrow.
The arrow hits the ogre but does no damage.
The ogre is moderately wounded.
You shoot an arrow. The arrow hits the ogre.
The ogre is heavily wounded.
You shoot an arrow. The arrow hits the ogre!
The ogre is severely wounded.
The ogre hits you with a +0 giant club!!
Ouch! That really hurt!
1389 ||| READING 2 scrolls of teleportation.
As you read the scroll of teleportation, it crumbles to dust.
You feel strangely unstable.
You shoot an arrow. The arrow hits the ogre.
The ogre is almost dead.
The ogre barely misses you.
You shoot an arrow.
The arrow hits the ogre but does no damage.
The ogre is almost dead.
The ogre hits you with a +0 giant club!
Ouch! That really hurt!
You die...

.. .##. .....
#.....
######......
#...#.......
#.......)..#
#...@O..#
###.....#...#
###.....#...#%..
##.....#...#...#.
#....#...#...#...
#..#...#...#.. #.
#....#...#...#.
#..#...#...#...#
#....#...#..


You could see an ogre.

Vanquished Creatures
  3 adders
  2 dart slugs
  A ribbon worm (D:3)
  4 orcs (D:3)
  4 endoplasms
  3 giant cockroaches
  7 goblins
  4 hobgoblins
  6 jackals
  5 kobolds
  3 quokkas
  4 ball pythons
  4 bats
  2 frilled lizards
  3 rats (D:2)
55 creatures vanquished.

Notes
Turn   | Place    | Note
-------+----------+-------------------------------------------
     0 | D:1      | qw the Gargoyle Hunter began the quest for the Orb.
     0 | D:1      | Reached XP level 1. HP: 12/12 MP: 1/1
     0 | D:1      | 0 ||| qw: Version: 0.3-a-132-g3d54051
     0 | D:1      | 0 ||| qw: Game counter: 139
     0 | D:1      | 0 ||| qw: Melee chars always use a shield: true
     0 | D:1      | 0 ||| qw: God list: Okawaru
     0 | D:1      | 0 ||| qw: Allow faded altars: false
     0 | D:1      | 0 ||| qw: Do Orc after clearing Dungeon:15 true
     0 | D:1      | 0 ||| qw: Do second Lair branch before Depths: true
     0 | D:1      | 0 ||| qw: Lair rune preference: random
     0 | D:1      | 0 ||| qw: Goals: Normal
     0 | D:1      | 0 ||| PLANNING D:1-11
    55 | D:1      | Reached XP level 2. HP: 17/17 MP: 2/2
   210 | D:1      | Found a faded altar of an unknown god.
   422 | D:1      | 422 ||| UPGRADING to amulet of guardian spirit.
   427 | D:1      | 427 ||| UPGRADING to ring of resist corrosion.
   428 | D:1      | 428 ||| DROPPING ring of wizardry.
   429 | D:1      | 429 ||| READING scroll labelled PENYEM MIACS.
   429 | D:1      | 429 ||| IDENTIFYING glowing black potion
   430 | D:1      | 430 ||| READING scroll labelled WADUCIMUHE.
   431 | D:1      | 431 ||| READING scroll labelled WYOCYO GUIHADI.
   436 | D:1      | 436 ||| READING scroll labelled CEHETE DACAJ.
   437 | D:1      | 437 ||| DRINKING 2 inky potions.
   438 | D:1      | 438 ||| DROPPING scroll of butterflies.
   462 | D:2      | 462 ||| STAIRDANCE
   482 | D:1      | Reached XP level 3. HP: 16/21 MP: 1/3
   513 | D:2      | 513 ||| STAIRDANCE
   623 | D:2      | Reached skill level 5 in Ranged Weapons
   762 | D:2      | Reached skill level 3 in Fighting
   791 | D:2      | Found a hide-covered altar of Uskayaw.
   878 | D:2      | Reached XP level 4. HP: 28/28 MP: 4/4
   987 | D:2      | 987 ||| FLEEEEING.
  1111 | D:2      | 1111 ||| UPGRADING to +6 ring of strength.
  1112 | D:2      | 1112 ||| UPGRADING to +4 ring of protection.
  1114 | D:2      | 1114 ||| DROPPING ring of resist corrosion.
  1115 | D:2      | 1115 ||| READING scroll labelled AQIOLO HUGO.
  1116 | D:2      | 1116 ||| READING scroll labelled FIREWU IFOG.
  1279 | D:3      | 1279 ||| FLEEEEING.
  1327 | D:3      | You fall into a shaft and drop 1 floor!
  1382 | D:4      | Noticed an ogre
  1388 | D:4      | HP: 3/28 [ogre/+0 giant club (25)]
  1389 | D:4      | 1389 ||| READING 2 scrolls of teleportation.
  1391 | D:4      | Mangled by an ogre

Levels and vault maps discovered:
D:1:      minmay_arrival_stone_box, layout_basic,
          chequers_ecumenical_altar_simple, nrook_campfire
D:2:      layout_rooms, basic_altar, grunt_decor_fettered, minivault_24,
          minmay_randomly_rotated_circles
D:3:      layout_loops_ring, uniq_jessica
D:4:      layout_cave_pools, ebering_ghost_disaster_area, hex_large,
          roderic_lattice_a, uniq_crazy_yiuf_cottage, uniq_robin

Skill      XL: |  1  2  3 |
---------------+----------+-----
Ranged Weapons | 5 |  5.6
Fighting       | 3 |  3.0
Dodging        | |  1.5
Stealth        | |  1.1

Action                     |  1- 3 |  4- 6 || total
---------------------------+-------+-------++-------
   Fire: Shortbow          |   119 |    88 ||   207
    Use: Scroll            |     4 |     3 ||     7
         Potion            |     1 |       ||     1
 Armour: Leather armour    |    45 |    20 ||    65
  Dodge: Dodged            |    45 |    26 ||    71

Table legend:
 A = Non-vault XP
 B = Vault XP
 C = Vault XP percentage of total XP
 D = Non-vault monster count
 E = Vault monster count
 F = Vault count percentage of total count
                 A         B        C        D         E       F
            +---------+---------+-------+---------+---------+-------
      Total |     119 |      22 |  15.6 |      49 |       6 |  10.9
            +---------+---------+-------+---------+---------+-------
        D:1 |      34 |       0 |   0.0 |      12 |       0 |   0.0
        D:2 |      35 |      22 |  38.6 |      19 |       6 |  24.0
        D:3 |      39 |       0 |   0.0 |      12 |       0 |   0.0
        D:4 |      11 |       0 |   0.0 |       6 |       0 |   0.0
            +---------+---------+-------+---------+---------+-------
